 Dungeon Crawl Stone Soup version 0.29.1-12-g30fa7ad0bf (webtiles) character file.

Game seed: 12521972051828251295

78 croobank the Trooper (level 4, 0/35 HPs)
             Began as a Demonspawn Abyssal Knight on Jan 13, 2023.
             Was a Priest of Lugonu.
             Slain by a gnoll
             ... wielding a +0 halberd
              (8 damage)
             ... on level 3 of the Dungeon.
             The game lasted 00:04:55 (2198 turns).

croobank the Trooper (Demonspawn Abyssal Knight)    Turns: 2198, Time: 00:04:55

Health: 0/35       AC:  6    Str: 13    XL:     4   Next: 15%
Magic:  0/6        EV: 11    Int: 13    God:    Lugonu [***...]
Gold:   131        SH:  0    Dex: 14    Spells: 3/3 levels left

rFire   . . .      SeeInvis +   a - +1 hand axe
rCold   . . .      Faith    .   (no shield)
rNeg    . . .      Spirit   +   b - +0 leather armour
rPois   .          Reflect  .   t - +2 helmet
rElec   .          Harm     .   (no cloak)
rCorr   .          Rampage  .   (no gloves)
Will    .....                   (no boots)
Stlth   +.........              o - amulet of guardian spirit
HPRegen 0.11/turn               l - ring of see invisible
MPRegen 0.20/turn               (no ring)

@: no status effects
A: magic shield, magic regeneration
a: Renounce Religion, Depart the Abyss, Bend Space, Banish


You were on level 3 of the Dungeon.
You worshipped Lugonu.
Lugonu was most pleased with you.
You visited 1 branch of the dungeon, and saw 3 of its levels.
You visited the Abyss 1 time.

You collected 131 gold pieces.

Inventory:

Hand Weapons
 a - a +1 hand axe (weapon)
 c - the +3 sling of Collusion {freeze, rElec rN+}
   (You found it on level 2 of the Dungeon)

   Any ammunition fired from it freezes those it strikes, dealing additional
   cold damage.
   It can also slow down cold-blooded creatures.
   rElec:     It insulates you from electricity.
   rN:        It protects you from negative energy.
Armour
 b - a +0 leather armour (worn)
 t - a +2 helmet (worn)
Magical Staves
 m - a staff of poison
Jewellery
 l - a ring of see invisible (left hand)
 o - an amulet of guardian spirit (around neck)
Scrolls
 e - a scroll of enchant weapon {unknown}
 f - 2 scrolls of fear {unknown}
 g - 2 scrolls of magic mapping {unknown}
 h - 3 scrolls of identify {unknown}
 i - a scroll of fog {unknown}
 j - 2 scrolls of teleportation {unknown}
 n - a scroll of poison {unknown}
 r - a scroll of noise {unknown}
Potions
 d - a potion of invisibility {unknown}
 k - 2 potions of heal wounds {unknown}
 p - a potion of curing {unknown}
 q - a potion of degeneration {unknown}
 s - 2 potions of brilliance {unknown}


   Skills:
 + Level 3.4 Fighting
 + Level 2.3 Axes
 + Level 2.4 Armour
 + Level 1.7 Dodging
 + Level 3.4 Invocations


You had 3 spell levels left.
You didn't know any spells.
Your spell library contained the following spells:

 Spells                   Type           Power      Damage    Failure   Level
 Ensorcelled Hibernation  Hex/Ice        0%         N/A       52%         2
 Confusing Touch          Hex            0%         N/A       75%         3
 Conjure Flame            Conj/Fire      0%         6-21      75%         3
 Ignite Poison            Fire/Tmut/Pois 0%         N/A       75%         3
 Spider Form              Tmut/Pois      0%         N/A       75%         3
 Anguish                  Hex/Necr       0%         N/A       98%         4
 Sticky Flame             Conj/Fire      0%         2d3       98%         4
 Yara's Violent Unravell  Hex/Tmut       0%         3d3       100%        5
 Enfeeble                 Hex            0%         N/A       100%        7


Dungeon Overview and Level Annotations

Branches:
Dungeon (3/15)

Altars:

Shops:
D:2 =


Innate Abilities, Weirdness & Mutations

When hurt, damage is shared between your health and your magic reserves.
You regenerate magic rapidly.


Message History

The gnoll hits you but does no damage.
You barely miss the gnoll. The gnoll misses you.
The gnoll hits you from afar with a +0 halberd.
You hit the gnoll.
The gnoll is lightly wounded.
The gnoll hits you with a +0 whip. The gnoll barely misses you.
You hit the gnoll.
The gnoll is heavily wounded.
The gnoll hits you with a +0 whip.
The gnoll hits you from afar with a +0 halberd.
You hit the gnoll but do no damage.
The gnoll is heavily wounded.
The gnoll closely misses you. The gnoll barely misses you.
You hit the gnoll.
The gnoll is severely wounded.
The gnoll barely misses you. The gnoll closely misses you.
The gnoll hits you from afar with a +0 halberd.
The gnoll barely misses you.
You hit the gnoll.
The gnoll is almost dead.
The gnoll barely misses you. The gnoll hits you but does no damage.
You closely miss the gnoll.
The gnoll is almost dead.
The gnoll hits you with a +0 whip. The gnoll closely misses you.
You barely miss the gnoll.
The gnoll is almost dead.
The gnoll misses you. x2
You hit the gnoll.
You kill the gnoll!
Lugonu accepts your kill.
The gnoll hits you from afar with a +0 halberd!
You are too injured to fight recklessly!
You are too injured to fight recklessly!
You are too injured to fight recklessly!
The gnoll barely misses you.
You see here a +0 whip.
You completely miss the gnoll. The gnoll hits you with a +0 halberd.
* * * LOW HITPOINT WARNING * * *
The gnoll hits you with a +0 halberd!
You die...

#. #. #. #. #. #### #.
..##.. #. #g##.# #.
#@##.# #. #.##.# #.
#.##.# #. #.##.# #.
#.##.############.
####.................
..........#############
.##########


You could see a gnoll.

Vanquished Creatures
  A gnoll (D:3)
  6 dart slugs
  An orc (D:3)
  5 ball pythons
  9 bats
  4 endoplasms
  4 giant cockroaches
  A goblin (D:2)
  8 hobgoblins
  3 kobolds
  2 quokkas
  5 frilled lizards
  3 rats
52 creatures vanquished.

Vanquished Creatures (others)
  3 withered plants (D:1)
3 creatures vanquished.

Grand Total: 55 creatures vanquished

Notes
Turn   | Place    | Note
-------+----------+-------------------------------------------
     0 | Abyss:1  | croobank the Demonspawn Abyssal Knight began the quest for
                  | the Orb.
     0 | Abyss:1  | Reached XP level 1. HP: 18/18 MP: 2/2
     0 | Abyss:1  | Found a corrupted altar of Lugonu.
     5 | D:1      | Escaped the Abyss
    93 | D:1      | Reached skill level 1 in Dodging
   143 | D:1      | Gained mutation: You regenerate magic rapidly. [demonic
                  | ancestry]
   143 | D:1      | Reached XP level 2. HP: 24/24 MP: 4/4
   162 | D:1      | You fall into a shaft and drop 1 floor!
   517 | D:1      | Found a faded altar of an unknown god.
   611 | D:1      | Reached XP level 3. HP: 27/29 MP: 5/5
   623 | D:1      | Reached *** piety under Lugonu
  1563 | D:2      | Identified the +3 sling of Collusion {freeze, rElec rN+}
  1805 | D:2      | Found Niboitups's Jewellery Boutique.
  2097 | D:3      | Gained mutation: When hurt, damage is shared between your
                  | health and your magic reserves. [demonic ancestry]
  2097 | D:3      | Reached XP level 4. HP: 35/35 MP: 6/6
  2198 | D:3      | Slain by a gnoll

Illustrated notes

Levels and vault maps discovered:
D:1:      nzn_arrival_crosshair, layout_basic,
          ebering_ecumenical_altar_petrified, hex_medium,
          nicolae_concentric_dashed_squares_wild
D:2:      layout_rooms, serial_shops, nicolae_shop_crystal,
          minmay_tiny_reverse_x
D:3:      layout_loops_ring

Skill      XL: |  1  2 |
---------------+-------+-----
Dodging        | 1 |  1.7
Axes           | 2 |  2.3
Armour         | 2 |  2.4
Invocations    | 3 |  3.4
Fighting       | |  3.4

Action                   |  1- 3 |  4- 6 || total
-------------------------+-------+-------++-------
Melee: Hand axe          |   141 |    14 ||   155
       Punch             |     1 |       ||     1
 Stab: Sleeping          |     4 |       ||     4
Armor: Leather armour    |    63 |     5 ||    68
Dodge: Dodged            |    81 |    18 ||    99
